 Dungeon Crawl Stone Soup version 0.30-a0-210-g01b79a254e (webtiles) character file.

Game seed: 7270814102136800166

30 sleeves the Poker (level 3, 27/29 HPs)
             Began as a Demonspawn Monk on Oct 4, 2022.
             Quit the game on level 2 of the Dungeon.
             The game lasted 00:00:49 (993 turns).

sleeves the Poker (Demonspawn Monk)                  Turns: 993, Time: 00:00:49

Health: 27/29      AC:  2    Str: 13    XL:     3   Next: 3%
Magic:  3/3        EV: 12    Int: 11    God:
Gold:   8          SH:  4    Dex: 15    Spells: 2/2 levels left

rFire   . . .      SeeInvis .    e - +2 rapier (elec)
rCold   . . .      Faith    .    (no shield)
rNeg    . . .      Spirit   .    b - +0 robe
rPois   .          Reflect  .    (no helmet)
rElec   .          Harm     .    (no cloak)
rCorr   .          Rampage  .    (no gloves)
Will    .....                    (no boots)
Stlth   ++........               (no amulet)
HPRegen 0.24/turn                (no ring)
MPRegen 0.08/turn                (no ring)

@: no status effects
A: condensation shield, demonic touch 1
a: no special abilities


You were on level 2 of the Dungeon.
You visited 1 branch of the dungeon, and saw 2 of its levels.

You collected 8 gold pieces.

Inventory:

Hand Weapons
 a - a +0 spear
 e - a +2 rapier of electrocution (weapon)
   (You found it on level 1 of the Dungeon)
Armour
 b - a +0 robe (worn)
Scrolls
 h - a scroll of amnesia {unknown}
Potions
 c - 3 potions of ambrosia
 d - a potion of curing {unknown}
 f - a potion of brilliance {unknown}
 g - a potion of heal wounds {unknown}


   Skills:
 - Level 3.0 Fighting
 + Level 3.8 Polearms
 - Level 2.6 Dodging
 - Level 1.7 Stealth


You had 2 spell levels left.
You didn't know any spells.
Your spell library was empty.

Dungeon Overview and Level Annotations

Branches:
Dungeon (2/15)

Altars:


Innate Abilities, Weirdness & Mutations

A meltable shield of frost defends you. (SH +4)
Your touch may inflict minor irresistible damage on your foes.


Message History

Welcome, sleeves the Demonspawn Monk.
The fabled Orb of Zot lies far below, as if waiting for you to find it.
Press ? for a list of commands and other information.
Found a staircase leading out of the dungeon.
Found an escape hatch in the floor.
You enter the shallow water.
Moving in this stuff is going to be slow.
You enter the shallow water.
Moving in this stuff is going to be slow.
You open the door.
There is an open door here.
A bat comes into view.
Found a viscous pink potion.
A bat is nearby!
You hit the bat.
The bat is severely wounded.
The bat barely misses you. The bat hits you.
You miss the bat.
The bat is severely wounded.
The bat barely misses you. The bat hits you but does no damage.
You hit the bat.
You kill the bat!
No target in view!
No target in view!
No target in view!
No target in view!
HP restored.
You see here a bat corpse.
d - a viscous pink potion
Found a stone staircase leading down.
A ball python comes into view.
Found a runed rapier.
The ball python hisses angrily.
You reach to attack!
You hit the ball python.
The ball python is heavily wounded.
You closely miss the ball python.
The ball python is heavily wounded.
The ball python barely misses you. x2
You barely miss the ball python.
The ball python is heavily wounded.
The ball python closely misses you. x2
You hit the ball python.
The ball python is severely wounded.
The ball python barely misses you. The ball python grabs you.
The ball python constricts you. The ball python closely misses you.
The ball python constricts you.
You barely miss the ball python.
The ball python is severely wounded.
The ball python bites you. The ball python constricts you.
You hit the ball python.
You kill the ball python!
No target in view!
No target in view!
No target in view!
You see here a +2 rapier of electrocution.
A frilled lizard comes into view.
The frilled lizard hisses angrily.
Found a whip.
You reach to attack!
You closely miss the frilled lizard. You barely miss the frilled lizard.
The frilled lizard barely misses you.
You closely miss the frilled lizard. The frilled lizard bites you.
You hit the frilled lizard.
You kill the frilled lizard!
No target in view!
No target in view!
No target in view!
No target in view!
No target in view!
Search for what [? for help]? rapier You see here a +2 rapier of electrocution.
e - a +2 rapier of electrocution You hear the crackle of electricity.
e - a +2 rapier of electrocution (weapon)
You open the door.
There is an open door here.
A kobold comes into view. It is wielding a +0 short sword.
A kobold is nearby!
A kobold is nearby!
You closely miss the kobold. The kobold hits you but does no damage.
You hit the kobold.
You kill the kobold!
No target in view!
No target in view!
No target in view!
No target in view!
No target in view!
No target in view!
Things that are here:
a +0 short sword; a kobold corpse A goblin comes into view.
It is wielding a +0 club.
A goblin is nearby!
A goblin is nearby!
The helpless goblin fails to defend itself.
You puncture the goblin!
You kill the goblin!
Your Polearms skill increases to level 3!
No target in view!
No target in view!
No target in view!
No target in view!
No target in view!
No target in view!
No target in view!
Things that are here:
a +0 club; a goblin corpse You open the door.
Found a dagger.
There is an open door here.
A ball python comes into view.
The ball python hisses angrily.
The ball python closely misses you. The ball python grabs you.
The ball python constricts you. The ball python barely misses you.
The ball python constricts you.
You see here a +0 dagger.
You hit the ball python.
Lightning courses through the ball python!
You kill the ball python!
No target in view!
No target in view!
No target in view!
No target in view!
No target in view!
No target in view!
No target in view!
Found a stone staircase leading down.
A bat comes into view.
A hobgoblin comes into view.
The bat hits you but does no damage. The bat barely misses you.
You closely miss the bat.
The hobgoblin shouts!
The bat barely misses you. x2
You barely miss the bat. The bat completely misses you. The bat hits you.
You hit the bat.
You kill the bat!
The hobgoblin hits you but does no damage.
You closely miss the hobgoblin. The hobgoblin barely misses you.
The hobgoblin closely misses you.
You hit the hobgoblin.
Lightning courses through the hobgoblin!
You kill the hobgoblin!
You have reached level 2!
Your demonic ancestry asserts itself...
Frost condenses into a shield before you.
A ball python comes into view.
A ball python is nearby!
A ball python is nearby!
The ball python hisses angrily.
You closely miss the ball python. The ball python closely misses you. x2
You closely miss the ball python. The ball python closely misses you.
The ball python grabs you. The ball python constricts you.
The ball python bites you. The ball python constricts you.
You barely miss the ball python. Your punch misses the ball python.
The ball python barely misses you. The ball python constricts you.
You hit the ball python but do no damage.
The ball python barely misses you. The ball python constricts you.
You barely miss the ball python. You block the ball python's attack.
The ball python constricts you. The ball python bites you.
The ball python constricts you.
You puncture the ball python!
Lightning courses through the ball python!
You kill the ball python!
No target in view!
No target in view!
No target in view!
No target in view!
Unknown command.
Unknown command.
Found a robe.
An endoplasm comes into view.
An endoplasm is nearby!
A ball python comes into view.
Found a potion of ambrosia.
An endoplasm comes into view.
An endoplasm comes into view.
The helpless endoplasm fails to defend itself.
You hit the endoplasm.
You kill the endoplasm!
The ball python hisses angrily.
The endoplasm quivers.
You closely miss the ball python. The ball python closely misses you.
The ball python barely misses you. The ball python bites you.
The ball python closely misses you.
You hit the ball python.
You kill the ball python!
You hit the endoplasm.
You kill the endoplasm!
A frilled lizard comes into view.
There are monsters nearby!
There are monsters nearby!
A hobgoblin comes into view.
The hobgoblin shouts!
The frilled lizard hisses angrily.
The endoplasm jiggles.
The endoplasm freezes you.
You are frozen.
You puncture the endoplasm!
You kill the endoplasm!
You barely miss the hobgoblin. The hobgoblin hits you.
You puncture the hobgoblin!
You kill the hobgoblin!
You hit the frilled lizard.
You kill the frilled lizard!
No target in view!
No target in view!
No target in view!
No target in view!
No target in view!
c - 2 potions of ambrosia (gained 1)
f - a clear potion You open the door.
There is an open door here.
You open the door.
There is an open door here.
A goblin comes into view. It is wielding a +0 club.
The goblin shouts!
Found a stone staircase leading down.
You block the goblin's attack.
You barely miss the goblin. The goblin hits you with a +0 club.
You puncture the goblin!
You kill the goblin!
No target in view!
No target in view!
No target in view!
No target in view!
No target in view!
No target in view!
g - a fizzy brown potion
There is a stone staircase leading down here.
h - a scroll labelled KEZONO RIANAI
Found a short sword.
No target in view!
No target in view!
No target in view!
No target in view!
No target in view!
No target in view!
No target in view!
No target in view!
No target in view!
No target in view!
No target in view!
No target in view!
You see here a +0 short sword.
A kobold comes into view. It is wielding a +0 dagger.
The kobold shouts!
A kobold is nearby!
A kobold is nearby!
You block the kobold's attack.
You hit the kobold.
You kill the kobold!
No target in view!
No target in view!
No target in view!
No target in view!
No target in view!
No target in view!
No target in view!
Things that are here:
a +0 dagger; a stone
Things that are here:
a +0 dagger; a stone
Found a mace.
A kobold comes into view. It is wielding a +0 dagger.
A kobold is nearby!
The helpless kobold fails to defend itself.
You hit the kobold.
You kill the kobold!
No target in view!
No target in view!
No target in view!
No target in view!
No target in view!
No target in view!
Things that are here:
a +0 dagger; 5 stones; a kobold corpse
Things that are here:
a +0 dagger; 5 stones; a kobold corpse You open the door.
There is an open door here.
A rat comes into view.
A rat is nearby!
A rat is nearby!
Found a whip.
A kobold comes into view. It is wielding a +0 club.
The kobold shouts!
The rat bites you but does no damage.
You hit the rat.
You kill the rat!
The kobold throws a stone.
The stone hits you but does no damage.
Found a potion of ambrosia.
You hit the kobold. Lightning courses through the kobold!
You kill the kobold!
No target in view!
No target in view!
No target in view!
No target in view!
No target in view!
You now have 8 gold pieces.
c - 3 potions of ambrosia (gained 1)
You open the door.
A quokka and a bat come into view.
There are monsters nearby!
You block the bat's attack.
There is an open door here.
The bat closely misses you.
You closely miss the quokka. The bat closely misses you. The quokka bites you.
The bat barely misses you. The quokka barely misses you.
You hit the bat.
The bat is severely wounded.
The bat hits you but does no damage. The bat hits you.
The bat closely misses you. The quokka completely misses you.
You hit the bat.
You kill the bat!
The quokka bites you but does no damage.
You barely miss the quokka. The quokka bites you. x2
You closely miss the quokka. The quokka bites you.
You are too injured to fight recklessly!
You are too injured to fight recklessly!
A quokka is nearby!
A quokka is nearby!
A quokka is nearby!
You are too injured to fight recklessly!
You are too injured to fight recklessly!
You are too injured to fight recklessly!
You hit the quokka.
The quokka is almost dead.
You block the quokka's attack. The quokka bites you.
* * * LOW HITPOINT WARNING * * *
You puncture the quokka!
You kill the quokka!
You see here a quokka corpse.
Unknown command.
You open the door.
There is an open door here.
You see here a staff of air.
You open the door. You open the door.
There is an open door here.
A giant cockroach comes into view.
A giant cockroach is nearby!
You closely miss the giant cockroach.
The giant cockroach completely misses you.
The giant cockroach bites you but does no damage.
You barely miss the giant cockroach. The giant cockroach bites you.
You hit the giant cockroach.
Lightning courses through the giant cockroach!
You kill the giant cockroach!
No target in view!
No target in view!
No target in view!
No target in view!
No target in view!
No target in view!
A ball python comes into view.
A ball python is nearby!
The ball python misses you. The ball python barely misses you.
You closely miss the ball python. The ball python closely misses you.
The ball python grabs you. The ball python constricts you.
The ball python barely misses you. The ball python constricts you.
You hit the ball python.
The ball python is severely wounded.
The ball python bites you. The ball python constricts you.
You hit the ball python.
You kill the ball python!
No target in view!
No target in view!
No target in view!
No target in view!
No target in view!
You see here a ball python corpse.
Found a mace.
You see here a +0 mace.
You see here a giant cockroach corpse.
You see here a +0 mace.
Done exploring.
Done exploring.
No target in view!
No target in view!
No target in view!
No target in view!
No target in view!
No target in view!
No target in view!
Done exploring.
Done exploring.
Done exploring.
(D) Dungeon
Where to? (Enter - D:1 @ (x,y), ? - help)
What level of the Dungeon? (default 1, ? - help)
Okay, then.
(D) Dungeon
Where to? (Enter - D:1 @ (x,y), ? - help)
You see here a +0 mace.
There is a stone staircase leading down here.
You climb downwards.
The frilled lizard hisses angrily.
Found a helmet and a ring mail.
Found a stone staircase leading down.
There is a stone staircase leading up here.
There are monsters nearby!
There are monsters nearby!
There are monsters nearby!
The frilled lizard bites you.
You hit the frilled lizard.
You kill the frilled lizard!
Found an escape hatch in the ceiling.
Found a stone staircase leading up.
You see here a +0 ring mail.
A quokka comes into view.
The quokka closely misses you.
You hit the quokka.
The quokka is moderately wounded.
The quokka bites you.
You hit the quokka.
The quokka is almost dead.
The quokka bites you but does no damage.
You block the quokka's attack.
You puncture the quokka! Lightning courses through the quokka!
You kill the quokka!
The kobold shouts!
You hear a shout!
You hit the quokka. Lightning courses through the quokka!!
You kill the quokka!
You have reached level 3!
Your experience leads to an increase in your attributes!
Increase (S)trength, (I)ntelligence, or (D)exterity?
You feel stronger. x2; Your demonic ancestry asserts itself...
Your hands begin to faintly glow with unholy energy.
You closely miss the kobold. The kobold hits you with a +0 club.
You hit the kobold. Lightning courses through the kobold!
You kill the kobold!
No target in view!
Are you sure you want to abandon this character and quit the game? (Confirm with "yes".)

############
#....<....[#
#...[......#
#.....@†...#
#.....)....#
#..........#
#..........#
#...^.>....#
............#
.##..<...<...#
#...........


There were no monsters in sight!

Vanquished Creatures
  5 ball pythons (D:1)
  3 endoplasms (D:1)
  A giant cockroach (D:1)
  2 goblins (D:1)
  2 hobgoblins (D:1)
  3 quokkas
  3 bats (D:1)
  3 frilled lizards
  5 kobolds
  A rat (D:1)
28 creatures vanquished.

Notes
Turn   | Place    | Note
-------+----------+-------------------------------------------
     0 | D:1      | sleeves the Demonspawn Monk began the quest for the Orb.
     0 | D:1      | Reached XP level 1. HP: 18/18 MP: 1/1
   217 | D:1      | Reached skill level 3 in Polearms
   246 | D:1      | Gained mutation: A meltable shield of frost defends you.
                  | (SH +4) [demonic ancestry]
   246 | D:1      | Reached XP level 2. HP: 24/24 MP: 2/2
   612 | D:1      | HP: 12/24 [quokka (3)]
   991 | D:2      | Gained mutation: Your touch may inflict minor irresistible
                  | damage on your foes. [demonic ancestry]
   991 | D:2      | Reached XP level 3. HP: 28/29 MP: 3/3
   993 | D:2      | Quit the game

Illustrated notes

Levels and vault maps discovered:
D:1:      saegor_arrival_simple_d, layout_basic
D:2:      layout_rooms, chequers_ecumenical_altar_grove,
          minmay_worlds_worst_comb

Skill      XL: |  1 |
---------------+----+-----
Polearms       | 3 |  3.8
Fighting       | |  3.0
Dodging        | |  2.6
Stealth        | |  1.7

Action                   || total
-------------------------++-------
Melee: Spear             ||    13
       Rapier            ||    49
 Stab: Sleeping          ||     3
Armor: Robe              ||    10
Dodge: Dodged            ||    37
Block: Other             ||     6

Table legend: (Time is in decaauts)
 A = Elapsed time spent in this place.
 B = Non-inter-level travel time spent in this place.
 C = Inter-level travel time spent in this place.
 D = Time resting spent in this place.
 E = Time spent auto-exploring this place.
 F = Levels seen in this place.
 G = Mean time per level.
                   A        B        C        D        E       F      G
               +--------+--------+--------+--------+--------+-----+--------+
         Total |   1002 |    938 |     64 |      0 |    789 |   2 |  501.0 |
       Dungeon |   1002 |    938 |     64 |      0 |    789 |   2 |  501.0 |
               +--------+--------+--------+--------+--------+-----+--------+

Top non-repeatable levels by time:
     D:1: 988 daAuts
     D:2: 14 daAuts
